 Dungeon Crawl Stone Soup version 0.30-a0-219-gf2db51d15e (webtiles) character file.

Game seed: 13342481036581502766

27 KennySheep the Insei (level 3, 0/26 HPs)
             Began as a Barachi Transmuter on Oct 8, 2022.
             Killed by nerve-wracking pain
             ... invoked by Jessica
              (4 damage)
             ... on level 2 of the Dungeon.
             The game lasted 00:03:26 (981 turns).

KennySheep the Insei (Barachi Transmuter)            Turns: 981, Time: 00:03:27

Health: 0/26       AC:  2    Str: 11    XL:     3   Next: 10%
Magic:  6/6        EV: 12    Int: 15    God:
Gold:   50         SH:  0    Dex: 12    Spells: 4/7 levels left

rFire   + . .      SeeInvis .      - Unarmed
rCold   . . .      Faith    .    (no shield)
rNeg    . . .      Spirit   .    a - +0 robe
rPois   .          Reflect  .    (helmet currently unavailable)
rElec   .          Harm     .    (no cloak)
rCorr   .          Rampage  .    (no gloves)
Will    .....                    (boots currently unavailable)
Stlth   +.........               j - amulet of magic regeneration
HPRegen 0.24/turn                f - ring of protection from fire
MPRegen 0.50/turn                (no ring)

@: appendages, slowed, very slow
A: horns 2, talons 2, amphibious, slowness 1, strong legs 1, +LOS
a: Hop, End Transformation


You were on level 2 of the Dungeon.
You had temporarily grown beastly horns and talons.
You visited 1 branch of the dungeon, and saw 2 of its levels.

You collected 50 gold pieces.

Inventory:

Armour
 a - a +0 robe (worn)
Jewellery
 f - a ring of protection from fire (left hand)
 j - an amulet of magic regeneration (around neck)
Scrolls
 d - a scroll of butterflies {unknown}
 i - 2 scrolls of identify {unknown}
 k - a scroll of magic mapping {unknown}
Potions
 b - a potion of lignification
 c - a potion of degeneration {unknown}
 e - a potion of flight {unknown}
 g - 2 potions of heal wounds {unknown}
 h - a potion of invisibility {unknown}


   Skills:
 - Level 1.2 Fighting
 - Level 2.1 Dodging
 - Level 3.2 Unarmed Combat
 + Level 2.5 Spellcasting
 * Level 3.0 Transmutations
 * Level 1.8 Ice Magic


You had 4 spell levels left.
You knew the following spells:

 Your Spells              Type           Power      Damage    Failure   Level
a - Beastly Appendage     Tmut           20%        N/A       6%          1
b - Wereblood             Tmut           10%        N/A       10%         2

Your spell library contained the following spells:

 Spells                   Type           Power      Damage    Failure   Level
 Spider Form              Tmut/Pois      6%         N/A       34%         3
 Ice Form                 Ice/Tmut       9%         N/A       61%         4


Dungeon Overview and Level Annotations

Branches:
Dungeon (2/15)

Altars:

Annotations:
D:2 Jessica


Innate Abilities, Weirdness & Mutations

You have temporarily grown beastly horns and talons.
You are amphibious.
You cover ground slowly.
You can hop short distances.
You have an extended range of vision and can be seen from far away.


Message History

You hit Jessica.
Jessica is heavily wounded.
Jessica barely misses you.
Casting: Beastly Appendage (safe; 6% risk of failure)
Confirm with . or Enter, or press ? or * to list all spells.
You miscast Beastly Appendage.
You are very lightly contaminated with residual magic.
Nothing appears to happen.
Jessica closely misses you.
Casting: Beastly Appendage (safe; 6% risk of failure)
Confirm with . or Enter, or press ? or * to list all spells.
You grow a pair of large bovine horns.
Your feet morph into talons.
Jessica points at you and mumbles some strange words.
Pain shoots through your body!
You barely miss Jessica. Your punch misses Jessica.
Jessica is heavily wounded.
Jessica barely misses you.
You hit Jessica but do no damage.
Jessica is heavily wounded.
Jessica misses you.
You barely miss Jessica. You claw Jessica. You punch Jessica, but do no damage.
Jessica is almost dead.
You barely miss Jessica. Your headbutt misses Jessica.
Jessica is almost dead.
Jessica hits you with a +0 club.
* * * LOW HITPOINT WARNING * * *
You barely miss Jessica. You claw Jessica, but do no damage.
Jessica is almost dead.
Jessica hits you with a +0 club.
* * * LOW HITPOINT WARNING * * *
You barely miss Jessica. Your kick misses Jessica.
Jessica is almost dead.
Jessica casts a spell at you.
You feel yourself slow down.
Your magical contamination has completely faded away.
You closely miss Jessica.
Jessica is almost dead.
Jessica completely misses you.
Jessica points at you and mumbles some strange words.
Pain shoots through your body!
You die...

#.##...#
##......#
#.#...##
##.......
###...#
##.......
#...##
#.....#
##...#
#....#
#...## #..##
#...+
#.##.#######
#.....@@...#
##.#######.#
#. #


You could see Jessica.

Vanquished Creatures
  3 endoplasms
  A giant cockroach (D:1)
  4 hobgoblins (D:1)
  3 jackals (D:1)
  3 kobolds (D:1)
  2 ball pythons (D:1)
  2 bats (D:1)
  A frilled lizard (D:1)
  2 goblins (D:1)
  2 rats (D:2)
23 creatures vanquished.

Vanquished Creatures (others)
  2 plants (D:1)
  4 withered plants (D:1)
6 creatures vanquished.

Grand Total: 29 creatures vanquished

Notes
Turn   | Place    | Note
-------+----------+-------------------------------------------
     0 | D:1      | KennySheep the Barachi Transmuter began the quest for the
                  | Orb.
     0 | D:1      | Reached XP level 1. HP: 15/15 MP: 3/3
   184 | D:1      | Reached skill level 1 in Ice Magic
   268 | D:1      | Reached XP level 2. HP: 6/21 MP: 3/5
   279 | D:1      | HP: 1/21 [hobgoblin (3)]
   436 | D:1      | Learned a level 2 spell: Wereblood
   499 | D:1      | Found a faded altar of an unknown god.
   742 | D:1      | Reached XP level 3. HP: 16/26 MP: 6/6
   968 | D:2      | Noticed Jessica
   981 | D:2      | Killed from afar by Jessica

Illustrated notes

Levels and vault maps discovered:
D:1:      wander_arrival_fairy_ring, layout_loops_ring,
          shapermc_ecumenical_altar_flowoftime
D:2:      minmay_razor_zed, layout_basic, basic_altar, serial_bayou_pond_c,
          serial_bayou_ford_a, kennysheep_decorative_pillar,
          kennysheep_minor_cross, uniq_sigmund, uniq_jessica

Skill      XL: |  1  2  3 |
---------------+----------+-----
Ice Magic      | 1 |  1.8
Transmutations | 3 |  3.0
Fighting       | |  1.2
Dodging        | |  2.1
Unarmed Combat | |  3.2
Spellcasting   | |  2.5

Action                   || total
-------------------------++-------
Melee: Unarmed           ||    84
       Headbutt          ||     6
       Kick              ||     7
       Punch             ||     3
 Cast: Beastly Appendage ||    10
 Stab: Sleeping          ||     1
Armor: Robe              ||     8
Dodge: Dodged            ||    49

Table legend: (Time is in decaauts)
 A = Elapsed time spent in this place.
 B = Non-inter-level travel time spent in this place.
 C = Inter-level travel time spent in this place.
 D = Time resting spent in this place.
 E = Time spent auto-exploring this place.
 F = Levels seen in this place.
 G = Mean time per level.
                   A        B        C        D        E       F      G
               +--------+--------+--------+--------+--------+-----+--------+
         Total |   1098 |   1095 |      3 |    103 |    771 |   2 |  549.0 |
       Dungeon |   1098 |   1095 |      3 |    103 |    771 |   2 |  549.0 |
               +--------+--------+--------+--------+--------+-----+--------+

Top non-repeatable levels by time:
     D:1: 997 daAuts
     D:2: 100 daAuts
